 Dungeon Crawl Stone Soup version 0.23-a0-480-g1869896 (webtiles) character file.

108 tilp the Chiller (level 4, 0/30 HPs)
             Began as a Merfolk Ice Elementalist on Nov 28, 2018.
             Slain by an orc wizard
             ... wielding a cursed -1 dagger
              (2 damage)
             ... on level 3 of the Dungeon.
             The game lasted 00:06:45 (2902 turns).

tilp the Chiller (Merfolk Ice Elementalist)         Turns: 2902, Time: 00:06:46

Health: 0/30       AC:  2    Str:  8    XL:     4   Next: 87%
Magic:  0/7        EV: 13    Int: 15    God:
Gold:   120        SH:  0    Dex: 14    Spells: 1/7 levels left

rFire    . . .     SeeInvis .   j - +0 dagger
rCold    . . .     Gourm    .   (no shield)
rNeg     . . .     Faith    .   a - +0 robe
rPois    .         Spirit   .   (no helmet)
rElec    .         Reflect  .   (no cloak)
rCorr    .         Harm     .   (no gloves)
MR       .....                  (no boots)
Stlth    ++........             (no amulet)
HPRegen  0.10/turn              (no ring)
MPRegen  0.10/turn              (no ring)

@: no status effects
A: change form in water, swift swim, stealthy swim
a: no special abilities


You were on level 3 of the Dungeon.
You were near starving.

You visited 1 branch of the dungeon, and saw 3 of its levels.

You collected 120 gold pieces.

Inventory:

Hand Weapons
 g - a +0 hunting sling
 j - a +0 dagger (weapon)
Missiles
 e - 29 poisoned needles
 h - 85 stones (quivered)
Armour
 a - a +0 robe (worn)
 p - a +2 ring mail of positive energy
Jewellery
 q - a cursed amulet of inaccuracy {unknown}
 w - a cursed amulet of inaccuracy {unknown}
Scrolls
 b - 2 scrolls of noise {unknown}
 f - a scroll of remove curse {unknown}
 k - a scroll of identify {unknown}
 l - 2 scrolls of random uselessness {unknown}
 m - a scroll of enchant weapon {unknown}
 n - a scroll of amnesia {unknown}
 s - a scroll of fear {unknown}
 t - a scroll of blinking {unknown}
Potions
 d - a potion of cancellation
 i - a potion of heal wounds {unknown}
 o - a potion of haste {unknown}
 r - a potion of invisibility {unknown}
 u - a potion of experience {unknown}
Comestibles
 c - 7 rations


   Skills:
 - Level 2.6 Dodging
 - Level 2.1 Stealth
 - Level 2.0 Spellcasting
 - Level 0.7 Conjurations
 + Level 6.0 Ice Magic


You had one spell level left.
You knew the following spells:

 Your Spells              Type           Power        Failure   Level  Hunger
a - Freeze                Ice            ###.         1%          1    #......
b - Throw Frost           Conj/Ice       ##....       9%          2    ###....
c - Ozocubu's Armour      Chrm/Ice       ##......     19%         3    ###....

Your spell library contained the following spells:

 Spells                   Type           Power        Failure   Level  Hunger
 Throw Icicle             Conj/Ice       ##......     50%         4    #####..
 Summon Ice Beast         Ice/Summ       ##......     54%         4    #####..


Dungeon Overview and Level Annotations

Branches:
Dungeon (3/15)

Altars:

Annotations:
D:2 1 runed door


Message History

You freeze the orc wizard.
The orc wizard is lightly wounded.
The orc wizard points at you and mumbles some strange words.
The puff of frost hits you!
* * * LOW HITPOINT WARNING * * *
Casting: Freeze (safe; 1% risk of failure)
Confirm with . or Enter, or press ? or * to list all spells.
Aiming: Freeze (safe; 1% risk of failure)
Press: ? - help, Shift-Dir - straight line, f/p - orc wizard
Aim: an orc wizard, wielding a -1 dagger and wearing a +0 robe (lightly You freeze the orc wizard.
The orc wizard is heavily wounded.
The orc wizard closely misses you. The orc wizard barely misses you.
Casting: Freeze (safe; 1% risk of failure)
Confirm with . or Enter, or press ? or * to list all spells.
You don't know that spell.
The orc wizard barely misses you.
It was a potion of cancellation.
You feel magically purged.
The orc wizard hits you with a cursed -1 dagger.
You die...

#..........# ##.
#..........# #..
#).........# ##..
#..........###.%%
#...........#...#
#...........#.#.#
##o..............#
#.o########.#.....
#@## #)##..## ##)#
###.##..# #######
###..# #...o...#
#.....# #...##
#.....#.<.##
#.....###.###
###.#.....#
#.<....##.#
#.####..#
######....# . #.##
#...###### . #.#
##.......# .. #.#


You could see an orc wizard and an orc.

Vanquished Creatures
  An orc priest (D:3)
  2 adders
  A worm (D:2)
  3 dart slugs
  A leopard gecko (D:1)
  An orc (D:3)
  4 giant cockroaches
  3 goblins
  4 hobgoblins (D:1)
  4 jackals (D:1)
  8 kobolds
  2 ball pythons
  5 bats
  2 frilled lizards (D:1)
  7 rats
48 creatures vanquished.

Notes
Turn   | Place    | Note
-------+----------+-------------------------------------------
     0 | D:1      | tilp the Merfolk Ice Elementalist began the quest for the
                  | Orb.
     0 | D:1      | Reached XP level 1. HP: 13/13 MP: 3/3
   245 | D:1      | Reached XP level 2. HP: 15/19 MP: 1/5
   292 | D:1      | Learned a level 2 spell: Throw Frost
   303 | D:1      | Reached skill level 4 in Ice Magic
   647 | D:1      | Reached XP level 3. HP: 22/24 MP: 1/6
   652 | D:1      | Learned a level 3 spell: Ozocubu's Armour
  1815 | D:2      | Reached skill level 5 in Ice Magic
  1962 | D:2      | Found a faded altar of an unknown god.
  2033 | D:2      | Reached XP level 4. HP: 23/30 MP: 4/7
  2262 | D:2      | Found a runed door.
  2885 | D:3      | Reached skill level 6 in Ice Magic
  2902 | D:3      | Slain by an orc wizard

Vault maps used:
D:1:      lightli_arrival_quake
D:2:      chequers_ecumenical_altar_lobes, minmay_cut_off,
          uniq_crazy_yiuf_cottage
D:3:      first_ration, cheibrodos_gnoll_hut

Skill      XL: |  1  2  3  4 |
---------------+-------------+-----
Ice Magic      | 4 5 6 |  6.0
Dodging        | |  2.6
Stealth        | |  2.1
Spellcasting   | |  2.0
Conjurations   | |  0.7

Action                   |  1- 3 |  4- 6 || total
-------------------------+-------+-------++-------
Melee: Unarmed           |     2 |       ||     2
       Dagger            |    12 |     9 ||    21
Throw: Stone             |    48 |     3 ||    51
 Cast: Freeze            |    61 |    16 ||    77
       Throw Frost       |     2 |       ||     2
       Ozocubu's Armour  |     1 |     1 ||     2
  Use: Potion            |       |     1 ||     1
 Stab: Sleeping          |       |     1 ||     1
  Eat: Chunk             |     5 |     1 ||     6
Armor: Robe              |     6 |     2 ||     8
Dodge: Dodged            |    34 |    17 ||    51

Table legend:
 A = Non-vault XP
 B = Vault XP
 C = Vault XP percentage of total XP
 D = Non-vault monster count
 E = Vault monster count
 F = Vault count percentage of total count
                 A         B        C        D         E       F
            +---------+---------+-------+---------+---------+-------
      Total |     136 |      19 |  12.3 |      43 |       5 |  10.4
            +---------+---------+-------+---------+---------+-------
        D:1 |      51 |       0 |   0.0 |      27 |       0 |   0.0
        D:2 |      19 |      19 |  50.0 |       9 |       5 |  35.7
        D:3 |      66 |       0 |   0.0 |       7 |       0 |   0.0
            +---------+---------+-------+---------+---------+-------
